 Dungeon Crawl Stone Soup version 0.30-a0-137-gd8773701ce (webtiles) character file.

Game seed: 13763476126896992880

144 spaghetti the Covert (level 5, -1/33 (36) HPs)
             Began as an Octopode Delver on Sept 22, 2022.
             Slain by a wight
             ... wielding a +0 great sword
              (12 damage)
             ... on level 6 of the Dungeon.
             The game lasted 00:01:48 (873 turns).

spaghetti the Covert (Octopode Delver)               Turns: 873, Time: 00:01:48

HP:   -1/33 (36)    AC:  1    Str: 12    XL:     5   Next: 26%
MP:   5/5           EV: 14    Int: 14    God:
Gold: 32            SH:  0    Dex: 13    Spells: 4/4 levels left

rFire   . . .      SeeInvis .    i - +3 whip {mace}
rCold   . . .      Faith    .    (no shield)
rNeg    . . .      Spirit   .    (helmet restricted)
rPois   .          Reflect  .    (no amulet)
rElec   .          Harm     .    (no ring)
rCorr   .          Rampage  .    (no ring)
Will    .....                    (no ring)
Stlth   +++++.....               (no ring)
HPRegen 0.11/turn                (no ring)
MPRegen 0.09/turn                (no ring)
                                 (no ring)
                                 (no ring)

@: drained
A: almost no armour, amphibious, 8 rings, camouflage 1, gelatinous body 1,
(nimble swimmer 1), tentacles
a: no special abilities


You were on level 6 of the Dungeon.
You visited 1 branch of the dungeon, and saw 3 of its levels.

You collected 32 gold pieces.


Innate Abilities, Weirdness & Mutations

You cannot wear most types of armour.
You are amphibious.
You can wear up to eight rings at the same time.
Your skin changes colour to match your surroundings (Stealth+).
Your rubbery body absorbs attacks. (AC +1, EV +1)
((You are camouflaged when in or above water. (Stealth+)))
You have tentacles for arms and can constrict up to eight enemies at once.


   Skills:
 - Level 3.0 Fighting
 - Level 2.0 Short Blades
 + Level 3.9 Dodging
 + Level 8.3 Stealth


You had 4 spell levels left.
You didn't know any spells.
Your spell library was empty.

Inventory:

Hand Weapons
 a - a +0 short sword {short}
 i - a +3 whip (weapon) {mace}
   (You found it on level 4 of the Dungeon)
Scrolls
 b - a scroll of fog
 c - a scroll of magic mapping {!r}
 d - a scroll of fear

Dungeon Overview and Level Annotations

Branches:
Dungeon (6/15) Zot: 17150
 Temple: D:4-7

Altars:

Annotations:
D:4 Natasha
D:6 1 exclusion

##.##
......#
#........
##.##
###....#
#......
##.##
#....#
##.##
#....#
##.##
#.l..#
##.##
##.##
##z##
##@# ##.#
#.# ##


You could see a wight.


Message History

You climb downwards.
Reactivating autopickup.
The iguana barely misses you.
There is a stone staircase leading up here. 😱 HP[+1] Unknown command.
Unknown command.
An iguana is nearby!
Found a stone staircase leading down. 😱 HP[+1]
There is a stone staircase leading down here.
You climb downwards.
Found an escape hatch in the floor.
There is a stone staircase leading up here.
Unknown command.
Unknown command.
An iguana is nearby!
A steam dragon comes into view.
You start resting.
Your extra speed is starting to run out. 😱 HP[+1]
You start resting.
You feel yourself slow down.
Press: ? - help, v - describe, . - travel The floor.
Placed new exclusion.
Reduced exclusion size to a single square.
You start resting.
An ufetubus comes into view. 😕 HP[+25]
You regained 25 hp, and now have 32/34 hp.
An ufetubus is nearby!
An ufetubus is nearby!
An ufetubus is nearby!
An adder comes into view.
The adder hisses angrily.
A wight comes into view. It is wielding a +3 spear.
The adder bites you. 😕 HP[-1]
You take 1 damage, and now have 31/34 hp.
You whack the adder! Your grab misses the adder. The adder barely misses you.
A wight comes into view. It is wielding a +0 great sword.
You hit the adder. Your grab misses the adder. Your squeeze misses the adder.
The adder bites you. The wight completely misses you.
The adder barely misses you.
You hit the adder but do no damage. You grab the adder.
You constrict the adder. The adder bites you.
You are poisoned.
The adder poisons you! The wight barely misses you. 😕 HP[-3]
You take 3 damage, and now have 28/34 hp.
You hit the adder.
You kill the adder!
You feel sick.
The wight hits you from afar with a +3 spear! 😮 HP[-10]
You take 10 damage, and now have 18/34 hp.
MASSIVE DAMAGE!! (PAUSE) Unknown command.
Okay, then.
It was a potion of curing.
You feel better.
The wight hits you from afar with a +3 spear! 😮 HP[+4]
You regained 4 hp, and now have 22/34 hp.
Unknown command.
As you read the scroll labelled HAFENU YKLA, it crumbles to dust.
Magic quickly surges around you.
It was a scroll of vulnerability.
The wight hits you from afar with a +3 spear!
* * * LOW HITPOINT WARNING * * *
You feel drained.
* * * LOW HITPOINT WARNING * * *
😱 HP[-15]
You now have 33 max hp (-1).
You take 15 damage, and now have 7/33 hp.
MASSIVE DAMAGE!! (PAUSE) Unknown command.
Unknown command. 😱 HP[+1] 😨 HP[+1]
Aiming: Dig
Press: ? - help, Shift-Dir - straight line A rock wall.
The rock shatters into small pieces. 😨 HP[+1]
Aiming: Dig
Press: ? - help, Shift-Dir - straight line A rock wall.
The rock shatters into small pieces. 😨 HP[+1]
Okay, then.
You aren't carrying any potions.
Okay, then.
Aiming: Dig
Press: ? - help, Shift-Dir - straight line A rock wall.
The rock shatters into small pieces.
The now-empty wand crumbles to dust.
You feel your willpower return. The wight attacks as you move away!
The wight hits you with a +0 great sword!
You die...

Skill      XL: |  1  2  3  4 |
---------------+-------------+-----
Dodging        | 3 |  3.9
Stealth        | 7 8 |  8.3
Fighting       | |  3.0
Short Blades   | |  2.0

Action                   |  1- 3 |  4- 6 || total
-------------------------+-------+-------++-------
Melee: Short sword       |     9 |    33 ||    42
       Tentacles         |     3 |    10 ||    13
       Constrict         |     2 |    15 ||    17
       Whip              |       |     8 ||     8
Evoke: Wand              |       |     3 ||     3
  Use: Potion            |       |     2 ||     2
       Scroll            |       |     1 ||     1
 Stab: Sleeping          |     1 |       ||     1
Armor: Skin              |     1 |     2 ||     3
Dodge: Dodged            |       |    22 ||    22

Levels and vault maps discovered:
D:4:      layout_basic, minmay_temple_entry_gardened_gates, serial_corexii_hall,
          corexii_hall_statues_s, corexii_hall_statues_i, grunt_ministairs_15,
          columned_hall_lemuel, uniq_natasha
D:5:      layout_cave_pools, grunt_temple_overflow_open
D:6:      layout_rooms

Notes
Turn   | Place    | Note
-------+----------+-------------------------------------------
     0 | D:5      | spaghetti the Octopode Delver began the quest for the Orb.
     0 | D:5      | Reached XP level 1. HP: 16/16 MP: 1/1
     0 | D:5      | magus.rc [v1.9.6]
    16 | D:5      | Noticed an iguana
    20 | D:5      | Reached XP level 2. HP: 14/21 MP: 2/2
   118 | D:4      | Noticed a phantom
   128 | D:4      | Killed a phantom
   129 | D:4      | Reached skill level 3 in Dodging
   129 | D:4      | Reached skill level 7 in Stealth
   129 | D:4      | Reached XP level 3. HP: 11/26 MP: 3/3
   129 | D:4      | Reached XP level 4. HP: 13/31 MP: 4/4
   383 | D:4      | Reached skill level 8 in Stealth
   383 | D:4      | Reached XP level 5. HP: 23/36 MP: 5/5
   537 | D:4      | Noticed Natasha
   540 | D:4      | HP: 8/35 [orc/+2 mace of draining (4)]
   541 | D:4      | HP: 3/34 [something (1)]
   580 | D:6      | Noticed a steam dragon
   833 | D:6      | HP: 7/33 [wight/+3 spear (2)]
   873 | D:6      | Slain by a wight

Vanquished Creatures
  A phantom (D:4)
  An orc priest (D:4)
  An adder (D:6)
  A white imp (D:5)
  A dart slug (D:5)
  6 orcs (D:4)
  A ball python (D:4)
  A giant cockroach (D:4)
  4 jackals (D:4)
  A quokka (D:4)
18 creatures vanquished.

Vanquished Creatures (others)
  7 plants (D:4)
7 creatures vanquished.

Grand Total: 25 creatures vanquished

Table legend:
 A = Non-vault XP
 B = Vault XP
 C = Vault XP percentage of total XP
 D = Non-vault monster count
 E = Vault monster count
 F = Vault count percentage of total count
                 A         B        C        D         E       F
            +---------+---------+-------+---------+---------+-------
      Total |     206 |       0 |   0.0 |      18 |       0 |   0.0
            +---------+---------+-------+---------+---------+-------
        D:4 |     178 |       0 |   0.0 |      15 |       0 |   0.0
        D:5 |      14 |       0 |   0.0 |       2 |       0 |   0.0
        D:6 |      14 |       0 |   0.0 |       1 |       0 |   0.0
            +---------+---------+-------+---------+---------+-------

Illustrated notes

Table legend:
 A = Kills in this place as a percentage of kills in entire the game.
 B = Kills by you in this place as a percentage of kills by you in the entire game.
 C = Kills by friends in this place as a percentage of kills by friends in the entire game.
 D = Other kills in this place as a percentage of other kills in the entire game.
 E = Experience gained in this place as a percentage of experience gained in the entire game.
 F = Experience gained in this place divided by the number of levels of this place that you have seen.
                   A       B       C       D       E      F
               +-------+-------+-------+-------+-------+----------------------
         Total | 100.0 | 100.0 |   N/A |   N/A | 100.0 |  68.7
       Dungeon | 100.0 | 100.0 |   N/A |   N/A | 100.0 |  68.7
               +-------+-------+-------+-------+-------+----------------------

Table legend: (Time is in decaauts)
 A = Elapsed time spent in this place.
 B = Non-inter-level travel time spent in this place.
 C = Inter-level travel time spent in this place.
 D = Time resting spent in this place.
 E = Time spent auto-exploring this place.
 F = Levels seen in this place.
 G = Mean time per level.
                   A        B        C        D        E       F      G
               +--------+--------+--------+--------+--------+-----+--------+
         Total |    849 |    849 |      0 |    614 |     71 |   3 |  283.0 |
       Dungeon |    849 |    849 |      0 |    614 |     71 |   3 |  283.0 |
               +--------+--------+--------+--------+--------+-----+--------+

Top non-repeatable levels by time:
     D:4: 525 daAuts
     D:6: 288 daAuts
     D:5: 36 daAuts
